Map: 2000 Atmospheres LE

Players

Zest - Winner!

  • Race: Protoss Protoss

TIME (Oliveira)

  • Race: Terran Terran

Event: DreamHack SC2 Masters Last Chance 2022

VOD

Have the link to the VOD?

Description

Time

  • Played on: Jan. 11, 2022, 8:58 a.m.
  • Length: 10:02

All games in this series

Show
View Real Time Build Order
Export as new Build Order

Zest Protoss - Winner!

Build Orders: 1 Gate Expand, Oracle Opening 

Get SALT Encoding   

  12  0:00  Probe  
  13  0:12  Probe  
  14  0:17  Pylon  
  14  0:24  Probe (Chrono Boost)  
  15  0:36  Probe (Chrono Boost)  
  15  0:37  Gateway  
  16  0:44  Probe (Chrono Boost)  
  16  0:45  Assimilator  
  17  0:51  Probe  
  18  1:03  Probe  
  19  1:15  Probe  
  20  1:24  Cybernetics Core  
  20  1:33  Nexus  
  20  1:36  Probe  
  21  1:44  Pylon  
  21  1:48  Probe  
  22  1:57  Assimilator  
  22  1:59  Stalker (Chrono Boost)  
  22  2:03  Probe  
  25  2:14  Pylon  
  25  2:16  Probe  
  26  2:23  Stalker (Chrono Boost)  
  26  2:28  Probe  
  29  2:37  Stargate  
  29  2:40  Probe  
  30  2:45  Shield Battery  
  30  2:48  Probe  
  31  2:52  Probe  
  32  3:00  Probe  
  32  3:01  Warp Gate  
  33  3:06  Probe  
  34  3:14  Probe  
  34  3:18  Probe  
  36  3:20  Oracle (Chrono Boost)  
  36  3:26  Probe  
  40  3:30  Probe  
  41  3:38  Probe  
  41  3:40  Twilight Council  
  42  3:42  Probe  
  42  3:47  Pylon  
  43  3:50  Probe  
  43  3:55  Probe  
  45  4:02  Probe  
  46  4:07  Probe  
  46  4:09  Blink (Chrono Boost)  
  47  4:10  Gateway x2  
  47  4:14  Probe  
  48  4:19  Probe  
  48  4:23  Nexus  
  49  4:32  Probe x2  
  48  4:44  Probe x2  
  46  4:53  Stalker  
  46  4:55  Pylon  
  46  4:56  Probe  
  46  4:57  Probe  
  46  4:58  Pylon  
  50  5:07  Assimilator  
  50  5:08  Assimilator, Probe  
  50  5:09  Stalker x2, Probe  
  56  5:17  Stalker  
  56  5:20  Probe, Forge  
  59  5:21  Probe  
  60  5:32  Probe  
  60  5:33  Stalker x2, Probe  
  66  5:40  Probe  
  67  5:44  Probe  
  68  5:54  Probe x2 (Chrono Boost), Charge, Protoss Ground Weapons Level 1 (Chrono Boost)  
  71  5:58  Probe (Chrono Boost)  
  71  5:59  Dark Shrine, Pylon  
  71  6:06  Probe x2 (Chrono Boost)  
  71  6:09  Pylon  
  74  6:14  Probe (Chrono Boost)  
  74  6:15  Probe x2 (Chrono Boost)  
  76  6:20  Probe x2  
  76  6:21  Probe  
  79  6:28  Gateway  
  79  6:29  Gateway  
  79  6:31  Gateway x2  
  79  6:32  Probe  
  80  6:33  Gateway  
  80  6:34  Probe  
  80  6:37  Robotics Facility  
  80  6:39  Pylon  
  81  6:40  Assimilator  
  81  6:41  Sentry  
  81  6:42  Sentry x2  
  81  6:46  Assimilator  
  87  6:48  Probe  
  88  6:57  Probe  
  88  7:00  Gateway  
  89  7:02  Gateway  
  89  7:11  Photon Cannon  
  89  7:13  Shield Battery  
  89  7:15  Pylon  
  89  7:20  Stalker x3, Shadow Stride (Chrono Boost)  
  95  7:23  Photon Cannon  
  95  7:33  Photon Cannon  
  95  7:36  Shield Battery  
  95  7:39  Immortal (Chrono Boost), Stalker  
  95  7:40  Stalker, Zealot x3  
  109  7:47  Stalker x2  
  105  8:01  Probe  
  100  8:10  Immortal (Chrono Boost)  
  100  8:11  Pylon  
  100  8:16  Pylon x2  
  100  8:18  Photon Cannon  
  104  8:25  Pylon  
  104  8:29  Pylon  
  104  8:33  Zealot  
  106  8:35  Dark Templar  
  106  8:36  Dark Templar x5  
  118  8:41  Warp Prism  
  118  8:43  Dark Templar  
  121  8:55  Zealot x3  
  125  8:57  Nexus  
  125  9:18  Dark Templar x2  
  125  9:19  Dark Templar x2  
  125  9:23  Immortal (Chrono Boost)  
  137  9:38  Zealot  
  137  9:39  Zealot x5  
  124  9:54  Stalker x3, Zealot  
  124  9:57  Archon  
  124  9:58  Archon  
Show
View Real Time Build Order
Export as new Build Order

TIME Terran 

Build Orders: Reaper Expand 

Get SALT Encoding   

  12  0:00  SCV  
  13  0:12  SCV  
  14  0:17  Supply Depot  
  14  0:24  SCV  
  15  0:38  SCV  
  15  0:40  Barracks  
  16  0:45  Refinery  
  16  0:50  SCV  
  17  1:02  SCV  
  18  1:14  SCV  
  19  1:28  Reaper, Orbital Command  
  20  1:46  Bunker  
  20  1:52  Command Center  
  20  1:58  SCV  
  20  2:01  Reaper  
  22  2:09  Supply Depot  
  22  2:12  SCV  
  23  2:22  Factory  
  23  2:31  SCV  
  23  2:34  Marine  
  25  2:43  SCV  
  26  2:52  Marine  
  26  2:53  Bunker  
  26  2:55  SCV  
  28  3:04  Orbital Command  
  28  3:06  Starport, Hellion  
  28  3:07  SCV  
  31  3:19  SCV  
  32  3:28  Hellion  
  32  3:31  SCV  
  32  3:32  SCV  
  32  3:33  Barracks Reactor  
  35  3:35  Barracks  
  35  3:37  Refinery  
  35  3:44  SCV x2  
  35  3:46  Supply Depot  
  37  3:49  Hellion  
  37  3:55  Medivac  
  41  3:56  SCV x2  
  41  4:00  Barracks  
  43  4:06  Engineering Bay  
  43  4:08  SCV, Marine x2  
  44  4:12  Hellion  
  44  4:14  SCV  
  47  4:20  SCV  
  48  4:26  SCV  
  48  4:27  Barracks Tech Lab  
  48  4:29  Marine  
  48  4:30  Supply Depot, Refinery  
  50  4:32  SCV, Marine  
  50  4:38  SCV  
  50  4:44  SCV  
  50  4:45  Terran Infantry Weapons Level 1  
  46  4:46  Stimpack, Marine  
  46  4:47  Barracks Tech Lab  
  46  4:50  SCV  
  46  4:51  Marine  
  49  4:56  SCV  
  49  4:58  Marine  
  49  4:59  Supply Depot  
  51  5:03  SCV  
  51  5:04  Marine  
  51  5:06  Combat Shield, Marine  
  54  5:08  SCV  
  54  5:13  Refinery  
  55  5:14  Marine  
  55  5:15  SCV  
  55  5:16  Missile Turret  
  55  5:19  Missile Turret  
  55  5:21  Marine  
  58  5:22  Marauder, SCV  
  58  5:23  Supply Depot  
  58  5:24  Marauder  
  63  5:31  SCV  
  63  5:34  SCV  
  63  5:43  Marauder, SCV  
  63  5:45  Marauder  
  63  5:48  Marine x2  
  68  5:54  Starport Reactor  
  68  5:56  SCV  
  68  6:01  Supply Depot  
  68  6:03  Command Center  
  68  6:05  Marauder  
  68  6:07  Marauder  
  68  6:08  Factory  
  68  6:09  Marine x2  
  74  6:13  SCV  
  71  6:19  SCV  
  71  6:24  Concussive Shells  
  73  6:25  SCV  
  73  6:26  Marauder  
  73  6:27  Marine x2  
  73  6:31  Medivac x2  
  83  6:33  Marauder  
  83  6:36  SCV  
  83  6:39  Supply Depot  
  84  6:43  SCV  
  84  6:45  Marine  
  86  6:49  Barracks  
  86  6:51  Barracks  
  86  6:53  SCV, Factory Reactor  
  86  7:00  SCV  
  86  7:01  Marauder, Medivac  
  91  7:03  Marauder, Marine  
  94  7:20  Terran Infantry Armor Level 1  
  94  7:21  Supply Depot  
  94  7:22  Supply Depot  
  94  7:24  Medivac, SCV x2, Marine x2  
  94  7:26  Orbital Command  
  100  7:31  Marauder x2, Medivac  
  106  7:39  Barracks Reactor, Barracks Tech Lab  
  106  7:40  SCV  
  106  7:42  SCV  
  107  7:48  Marine x2  
  107  7:50  Widow Mine x2  
  111  7:52  Marauder  
  111  7:53  Marauder  
  111  7:54  Orbital Command  
  111  7:57  Marine  
  100  8:05  SCV x2  
  89  8:06  Marine x2  
  89  8:11  Widow Mine x2, Engineering Bay, Armory  
  95  8:13  Marauder  
  95  8:15  Marauder  
  95  8:16  Marine x2  
  101  8:20  Marauder  
  101  8:21  SCV  
  101  8:23  SCV  
  101  8:24  SCV  
  101  8:25  Marine x2  
  108  8:33  SCV  
  109  8:35  SCV, Viking  
  109  8:37  Supply Depot, Viking  
  109  8:40  SCV  
  115  8:44  Marauder x2  
  115  8:45  SCV  
  115  8:46  Barracks Tech Lab  
  120  8:49  Siege Tank  
  120  8:50  Marine x2  
  120  8:53  SCV  
  124  8:57  Supply Depot x2  
  124  9:01  Marine  
  124  9:02  Marine  
  120  9:04  SCV x2  
  120  9:06  Marine x2  
  120  9:07  Marauder  
  117  9:12  Missile Turret  
  117  9:14  Medivac x2, Marine  
  117  9:15  SCV  
  117  9:16  SCV  
  121  9:17  SCV  
  121  9:21  Missile Turret  
  122  9:27  SCV  
  122  9:29  Siege Tank  
  122  9:30  SCV  
  127  9:32  SCV  
  127  9:35  Missile Turret  
  128  9:39  SCV  
  128  9:42  SCV  
  129  9:48  SCV  

Tags
 
Add a new tag
Caveats
  • Supply blocks, unpowered buildings, or Contaminate may cause inaccurate times.
  • Supply counts are checked every 10 seconds.